 Dungeon Crawl Stone Soup version 0.25-a0-561-g0977b4d109 (webtiles) character file.

Game seed: 9741169575552581194, levelgen mode: deterministic

111 Flugslaktarn the Shield-Bearer (level 5, -2/42 HPs)
             Began as a Formicid Fighter on Feb 25, 2020.
             Was an Initiate of Gozag.
             Slain by an orc warrior
             ... wielding a +2 vampiric long sword
              (12 damage)
             ... on level 3 of the Dungeon.
             The game lasted 00:01:04 (2344 turns).

Flugslaktarn the Shield-Bearer (Formicid Fighter)   Turns: 2344, Time: 00:01:05

Health: -2/42      AC: 11    Str: 22    XL:     5   Next: 15%
Magic:  5/5        EV:  4    Int:  7    God:    Gozag
Gold:   140        SH:  9    Dex: 10    Spells: 4/4 levels left

rFire    . . .     SeeInvis +   a - +0 war axe
rCold    . . .     Gourm    .   c - +0 kite shield
rNeg     . . .     Faith    .   p - +0 plate armour (curse)
rPois    .         Spirit   .   (helmet unavailable)
rElec    .         Reflect  .   (no cloak)
rCorr    .         Harm     .   (no gloves)
MR       .....                  (no boots)
Stlth    ..........             (no amulet)
HPRegen  0.14/turn              (no ring)
MPRegen  0.09/turn              (no ring)

@: no status effects
A: permanent stasis, dig shafts and tunnels, four strong arms, antennae 3
a: Dig, Shaft Self, Potion Petition, Call Merchant, Bribe Branch, Renounce
Religion


You were on level 3 of the Dungeon.
You worshipped Gozag.
Gozag was aware of your devotion.
You were hungry.

You visited 1 branch of the dungeon, and saw 4 of its levels.

You collected 191 gold pieces.
You paid 51 gold pieces to Gozag.

Inventory:

Hand Weapons
 a - a +0 war axe (weapon)
Armour
 c - a +0 kite shield (worn)
 p - a cursed +0 plate armour (worn)
   (You found it on level 2 of the Dungeon)
Scrolls
 b - a scroll of teleportation {unknown}
 f - a scroll of fog {unknown}
 g - 6 scrolls of identify {unknown}
 k - a scroll of blinking {unknown}
 o - 2 scrolls of remove curse {unknown}
 u - a scroll of fear {unknown}
 v - a scroll of magic mapping {unknown}
Potions
 d - 2 potions of might
 h - a potion of haste {unknown}
 i - a potion of brilliance {unknown}
 j - a potion of mutation {unknown}
 l - 2 potions of degeneration {unknown}
 m - 2 potions of curing {unknown}
 n - a potion of stabbing {unknown}
 q - a potion of flight {unknown}
 r - a potion of ambrosia {unknown}
 s - a potion of heal wounds {unknown}
Comestibles
 e - 7 rations


   Skills:
 + Level 4.0 Fighting
 * Level 3.4 Axes
 + Level 4.0 Armour
 + Level 4.3 Shields


You had 4 spell levels left.
You didn't know any spells.
Your spell library was empty.

Dungeon Overview and Level Annotations

Branches:
Dungeon (4/15)
 Temple: D:4-7

Altars:
Elyvilon
Gozag
Kikubaaqudgha
Ru
Zin


Innate Abilities, Weirdness & Mutations

You cannot be hasted, slowed, berserked, paralysed or teleported.
You can dig through walls and to a lower floor.
Your four strong arms can wield two-handed weapons with a shield.
You have a pair of large antennae on your head. (SInv)


Message History

The orc priest mumbles some strange prayers to Beogh against you.
Beogh smites you!
The orc warrior hits you with a +2 vampiric long sword!
There is a stone staircase leading up, spattered with blood here.
You closely miss the orc warrior.
The orc warrior hits you with a +2 vampiric long sword!
* * * LOW HITPOINT WARNING * * *
The orc priest miscasts a cantrip.
You are too injured to fight recklessly!
You are too injured to fight recklessly!
The orc priest miscasts a cantrip.
The orc warrior hits you with a +2 vampiric long sword.
* * * LOW HITPOINT WARNING * * *
You climb upwards.
There is a stone staircase leading down here.
Unknown command.
Unknown command.
The orc warrior hits you with a +2 vampiric long sword!
You die...
Your body crumbles into a pile of gold.

.............#..##...#
.............#...###########
...........#.###.....#..##_##
..........#..##.......>##...##
.............#.........#8...8#
#..........#.........[.##...##
##.....................###.##
...........##....o.....#♣#'#
.###..>.##.##...@......'...♣
## ###..##..#..........#♣#'# #
#.####.##.#.....#.###.## ##.#
#.##.##########...# #..#
#.##.###### #8...8# #####..#
#......<..# ##...## #......#
#.........# ##_## #......#
#.........# ### #......#
#.........#


You could see an orc warrior.

Vanquished Creatures
  A jelly (D:2)
  An orc wizard (D:3)
  An adder (D:2)
  An ooze (D:3)
  A worm (D:3)
  3 orcs
  3 bats
  5 goblins
  6 hobgoblins
  2 jackals (D:3)
  A quokka (D:2)
  3 frilled lizards
  2 kobolds
  7 rats
37 creatures vanquished.

Notes
Turn   | Place    | Note
-------+----------+-------------------------------------------
     0 | D:1      | Flugslaktarn the Formicid Fighter began the quest for the
                  | Orb.
     0 | D:1      | Reached XP level 1. HP: 18/18 MP: 1/1
   184 | D:1      | Reached XP level 2. HP: 24/24 MP: 2/2
   704 | D:2      | Reached XP level 3. HP: 9/29 MP: 3/3
   959 | D:2      | Reached XP level 4. HP: 34/37 MP: 4/4
  1038 | D:2      | Found a faded altar of an unknown god.
  1756 | D:3      | Found a sacrificial altar of Ru.
  1909 | D:3      | Found a glowing silver altar of Zin.
  1909 | D:3      | Found an opulent altar of Gozag.
  1947 | D:3      | Found an ancient bone altar of Kikubaaqudgha.
  1957 | D:3      | Found a white marble altar of Elyvilon.
  2022 | D:3      | Became a worshipper of Gozag Ym Sagoz the Greedy
  2043 | D:4      | Noticed an orc warrior
  2069 | D:3      | Reached XP level 5. HP: 4/42 MP: 5/5
  2344 | D:3      | Slain by an orc warrior

Levels and vault maps discovered:
D:1:      heliophobic_arrival_enchanted_forest, layout_rooms,
          chequers_serial_rivers_marsh, dk_noncrumbling_2, chequers_mini_garden
D:2:      layout_rooms, chequers_ecumenical_altar_lobes
D:3:      layout_rooms, grunt_temple_overflow_gold_and_silver,
          nicolae_ru_awakened_eye, amethyst_overflow_temple_binary, first_ration
D:4:      layout_cave_pools, gammafunk_temple_overflow_pools,
          cheibrodos_ashenzari_chains, temple_statues, uniq_duvessa

Skill      XL: |  1  2  3  4 |
---------------+-------------+-----
Axes           | 3 |  3.4
Shields        | 4 |  4.3
Fighting       | 4 |  4.0
Armour         | 4 |  4.0

Action                   |  1- 3 |  4- 6 || total
-------------------------+-------+-------++-------
Melee: War axe           |    68 |    83 ||   151
  Eat: Chunk             |       |     4 ||     4
Armor: Scale mail        |    30 |       ||    30
       Plate armour      |       |    73 ||    73
Dodge: Dodged            |    20 |    19 ||    39
Block: Kite shield       |    39 |    57 ||    96

Table legend:
 A = Non-vault XP
 B = Vault XP
 C = Vault XP percentage of total XP
 D = Non-vault monster count
 E = Vault monster count
 F = Vault count percentage of total count
                 A         B        C        D         E       F
            +---------+---------+-------+---------+---------+-------
      Total |     159 |       0 |   0.0 |      37 |       0 |   0.0
            +---------+---------+-------+---------+---------+-------
        D:1 |      17 |       0 |   0.0 |      11 |       0 |   0.0
        D:2 |      69 |       0 |   0.0 |      13 |       0 |   0.0
        D:3 |      67 |       0 |   0.0 |      11 |       0 |   0.0
        D:4 |       6 |       0 |   0.0 |       2 |       0 |   0.0
            +---------+---------+-------+---------+---------+-------
